 Dungeon Crawl Stone Soup version 0.30-a0-782-ge64f9170bb (console) character file.

Game seed: 5945595841385120021

98 utis the Shield-Bearer (level 4, -4/28 HPs)
             Began as a Tengu Wanderer on Mar 17, 2023.
             Killed from afar by Natasha (9 damage)
             ... with a magic dart
             ... on level 2 of the Dungeon.
             The game lasted 00:04:52 (1582 turns).

utis the Shield-Bearer (Tengu Wanderer)             Turns: 1582, Time: 00:04:53

Health: -4/28      AC:  2    Str:  8    XL:     4   Next: 69%
Magic:  5/5        EV: 13    Int: 13    God:
Gold:   29         SH:  8    Dex: 19    Spells: 3/3 levels left

rFire   . . .      SeeInvis .    a - +0 falchion
rCold   . . .      Faith    .    b - +2 buckler
rNeg    . . .      Spirit   .    e - +0 robe
rPois   .          Reflect  .    (helmet restricted)
rElec   .          Harm     .    (no cloak)
rCorr   .          Rampage  .    (no gloves)
Will    .....                    (boots unavailable)
Stlth   ++                       (no amulet)
HPRegen 0.24/turn                (no ring)
MPRegen 0.09/turn                (no ring)

@: slowed, very slow
A: beak, talons 3
a: no special abilities


You were on level 2 of the Dungeon.
You visited 1 branch of the dungeon, and saw 2 of its levels.

You collected 29 gold pieces.

Inventory:

Hand Weapons
 a - a +0 falchion (weapon)
 j - a +0 spear
Missiles
 h - 2 stones (quivered)
Armour
 b - a +2 buckler (worn)
 e - a +0 robe (worn)
Scrolls
 g - 4 scrolls of teleportation {unknown}
 l - a scroll of identify {unknown}
Potions
 d - a potion of brilliance
 f - a potion of degeneration {unknown}
 i - a potion of heal wounds {unknown}
 k - a potion of flight {unknown}
Miscellaneous
 c - a piece from Xom's chessboard (15/15)


   Skills:
 + Level 3.0 Fighting
 - Level 2.1 Long Blades
 + Level 3.4 Dodging
 - Level 4.0 Shields
 - Level 1.0 Invocations
 - Level 1.0 Evocations


You had 3 spell levels left.
You didn't know any spells.
Your spell library was empty.

Dungeon Overview and Level Annotations

Branches:
Dungeon (2/15)

Altars:

Annotations:
D:2 Natasha


Innate Abilities, Weirdness & Mutations

You have a beak for a mouth.
You have claws for feet.


Message History

Natasha is moderately wounded.
Natasha closely misses you.
Natasha mumbles some strange words.
You hit Natasha.
Natasha is moderately wounded.
Natasha claws you. The crimson imp hits you. You block Natasha's attack.
The crimson imp blinks!
You hit Natasha.
Natasha is heavily wounded.
Natasha closely misses you. The crimson imp barely misses you.
You closely miss Natasha.
Natasha is heavily wounded.
You block Natasha's attack. You block the crimson imp's attack.
Natasha claws you. The crimson imp hits you.
You completely miss Natasha. You peck Natasha.
Natasha is severely wounded.
Natasha barely misses you. The crimson imp barely misses you.
You block Natasha's attack.
The crimson imp hits you but does no damage.
You closely miss Natasha.
Natasha is severely wounded.
Natasha stares at you and mumbles some strange words.
The magic dart hits you!
* * * LOW HITPOINT WARNING * * *
The crimson imp blinks!
You block Natasha's attack.
You miss Natasha. Your kick misses Natasha.
Natasha is severely wounded.
Natasha casts a spell at you. The magic dart hits you.
* * * LOW HITPOINT WARNING * * *
Natasha claws you.
* * * LOW HITPOINT WARNING * * *
You hit Natasha.
Natasha is severely wounded.
Natasha casts a spell.
You barely miss Natasha.
Natasha is severely wounded.
Natasha misses you. Natasha casts a spell at you. The magic dart hits you!
You die...

░░░░ ...░ ░░.░ ░.░ ░.░
░░░ ░░░
░.░░░.░░░░░░░░░░░.░░
░░.░░.░.......5.Qh░.░
.....░░░.░░░░░░░░░5░░
░░.░░.░..░ ░.░
░░.░░░.░.░ ░†░
░░.░░░...░░░░░░░░░.░░░░
░░....░░░░░...........░
░░░░░.░ .░░░.......░░ ░
░░░.░░░ ░........░ ░
░.....░ ░.......░.░░


You could see an iron imp (summoned), Natasha and a crimson imp (summoned).

Vanquished Creatures
  Natasha (twice) (D:2)
  4 dart slugs
  3 ball pythons
  2 endoplasms (D:1)
  A giant cockroach (D:1)
  7 goblins
  3 hobgoblins
  3 jackals (D:2)
  4 kobolds (D:1)
  A quokka (D:1)
  4 bats
  A frilled lizard (D:1)
  2 rats
37 creatures vanquished.

Notes
Turn   | Place    | Note
-------+----------+-------------------------------------------
     0 | D:1      | utis the Tengu Wanderer began the quest for the Orb.
     0 | D:1      | utis set off with the following items: a +0 falchion, a +2
                  | buckler, a piece from Xom's chessboard (15/15), a potion of
                  | brilliance, a +0 robe.
     0 | D:1      | Reached XP level 1. HP: 12/12 MP: 2/2
   211 | D:1      | Reached XP level 2. HP: 16/16 MP: 3/3
   858 | D:1      | Reached XP level 3. HP: 21/21 MP: 4/4
  1423 | D:2      | Noticed Natasha
  1432 | D:2      | Killed Natasha
  1433 | D:2      | Reached XP level 4. HP: 9/27 MP: 5/5
  1510 | D:2      | Noticed Natasha
  1522 | D:2      | Killed Natasha
  1572 | D:2      | Noticed Natasha
  1582 | D:2      | Killed from afar by Natasha

Illustrated notes

Levels and vault maps discovered:
D:1:      elethiomel_arrival_shortcut, layout_loops_ring
D:2:      layout_loops_ring, roderic_serpentine_path, kennysheep_nub,
          uniq_natasha

Skill      XL: |  1  2  3  4 |
---------------+-------------+-----
Dodging        | 2 3 |  3.4
Fighting       | 2 3 |  3.0
Long Blades    | |  2.1
Shields        | |  4.0
Invocations    | |  1.0
Evocations     | |  1.0

Action                     |  1- 3 |  4- 6 || total
---------------------------+-------+-------++-------
  Melee: Falchion          |    76 |    20 ||    96
         Kick              |    20 |     1 ||    21
         Peck              |    16 |     4 ||    20
  Throw: Stone             |    10 |     1 ||    11
  Evoke: Piece from Xom's  |     1 |       ||     1
   Stab: Distracted        |     2 |       ||     2
         Sleeping          |     1 |       ||     1
 Armour: Robe              |     7 |     2 ||     9
  Dodge: Dodged            |    39 |    15 ||    54
  Block: Buckler           |    27 |     9 ||    36

Table legend: (Time is in decaauts)
 A = Elapsed time spent in this place.
 B = Non-inter-level travel time spent in this place.
 C = Inter-level travel time spent in this place.
 D = Time resting spent in this place.
 E = Time spent auto-exploring this place.
 F = Levels seen in this place.
 G = Mean time per level.
                   A        B        C        D        E       F      G
               +--------+--------+--------+--------+--------+-----+--------+
         Total |   1643 |   1575 |     68 |    235 |    949 |   2 |  821.5 |
       Dungeon |   1643 |   1575 |     68 |    235 |    949 |   2 |  821.5 |
               +--------+--------+--------+--------+--------+-----+--------+

Top non-repeatable levels by time:
     D:1: 1044 daAuts
     D:2: 599 daAuts
